 Dungeon Crawl Stone Soup version 0.24-a0-584-g9d6b971ae4 (webtiles) character file.

Game seed: 1367233287797229154, levelgen mode: deterministic

126 Gynju the Poker (level 5, -10/42 HPs)
             Began as a Merfolk Abyssal Knight on Sept 2, 2019.
             Was a Follower of Lugonu.
             Mangled by a gnoll
             ... wielding a +0 halberd
              (12 damage)
             ... on level 6 of the Dungeon.
             The game lasted 00:02:56 (2288 turns).

Gynju the Poker (Merfolk Abyssal Knight)            Turns: 2288, Time: 00:02:56

Health: -10/42     AC:  8    Str: 14    XL:     5   Next: 9%
Magic:  7/7        EV:  7    Int: 11    God:    Lugonu [*.....]
Gold:   97         SH:  0    Dex: 13    Spells: 4/4 levels left

rFire    . . .     SeeInvis .   r - +0 trident
rCold    . . .     Gourm    .   (no shield)
rNeg     . . .     Faith    .   q - +0 chain mail (curse)
rPois    .         Spirit   .   (no helmet)
rElec    .         Reflect  .   (no cloak)
rCorr    .         Harm     .   (no gloves)
MR       .....                  (no boots)
Stlth    ..........             (no amulet)
HPRegen  0.14/turn              (no ring)
MPRegen  0.10/turn              (no ring)

@: no status effects
A: change form in water, swift swim, stealthy swim
a: Depart the Abyss, Renounce Religion


You were on level 6 of the Dungeon.
You worshipped Lugonu.
Lugonu was aware of your devotion.
You were not hungry.

You visited 1 branch of the dungeon, and saw 4 of its levels.
You visited the Abyss 1 time.

You collected 97 gold pieces.

Inventory:

Hand Weapons
 r - a +0 trident (weapon)
Armour
 b - a +0 leather armour
 q - a cursed +0 chain mail (worn)
Jewellery
 g - a cursed ring of attention {unknown}
 k - an uncursed ring of flight {unknown}
 n - an uncursed ring of stealth {unknown}
Wands
 o - a wand of digging (4)
Scrolls
 d - a scroll of random uselessness {unknown}
 e - a scroll of immolation {unknown}
 f - a scroll of identify {unknown}
 i - 2 scrolls of magic mapping {unknown}
 j - 2 scrolls of remove curse {unknown}
 m - a scroll of blinking {unknown}
 s - a scroll of teleportation {unknown}
Potions
 a - a potion of curing {unknown}
 h - a potion of mutation {unknown}
 l - 3 potions of haste {unknown}
 p - a potion of lignification {unknown}
 t - a potion of agility {unknown}
Comestibles
 c - 5 rations


   Skills:
 + Level 3.9 Fighting
 * Level 4.9 Polearms
 + Level 1.3 Armour
 + Level 3.6 Dodging
 + Level 2.9 Invocations


You had 4 spell levels left.
You didn't know any spells.
Your spell library was empty.

Dungeon Overview and Level Annotations

Branches:
Dungeon (3/15)

Altars:
Gozag
Trog
Uskayaw
Vehumet


Message History

You are too injured to fight recklessly!
You are too injured to fight recklessly!
You are too injured to fight recklessly!
You are too injured to fight recklessly!
You are too injured to fight recklessly!
You are too injured to fight recklessly!
You are too injured to fight recklessly!
You are too injured to fight recklessly!
You are too injured to fight recklessly!
You are too injured to fight recklessly!
The gnoll hits you.
* * * LOW HITPOINT WARNING * * *
You hit the gnoll but do no damage. The gnoll barely misses you.
The gnoll hits you but does no damage. x2
You closely miss the gnoll. The gnoll hits you with a +0 halberd.
* * * LOW HITPOINT WARNING * * *
The gnoll hits you.
* * * LOW HITPOINT WARNING * * *
You closely miss the gnoll. The gnoll hits you with a +0 halberd!
You die...

#.......
#......#
#......#
#......#
#####......#
#..........#
#>.....g...#
#....(@g...#
#....#######
#....#
#....#
#....#
#....#
#....#
#....#
##....#####


You could see 2 gnolls.

Vanquished Creatures
  A jelly (D:6)
  A hound skeleton (D:6)
  5 adders
  A dart slug (D:3)
  A leopard gecko (D:1)
  3 giant cockroaches
  2 goblins
  5 hobgoblins
  9 kobolds
  2 bats (D:2)
  2 frilled lizards (D:2)
  6 rats
38 creatures vanquished.

Notes
Turn   | Place    | Note
-------+----------+-------------------------------------------
     0 | Abyss:1  | Gynju the Merfolk Abyssal Knight began the quest for the
                  | Orb.
     0 | Abyss:1  | Reached XP level 1. HP: 18/18 MP: 2/2
    31 | Abyss:1  | Noticed a starcursed mass
    34 | D:1      | Escaped the Abyss
   265 | D:1      | Reached XP level 2. HP: 24/24 MP: 3/3
   277 | D:1      | Reached * piety under Lugonu
   827 | D:2      | Reached skill level 1 in Armour
   827 | D:2      | Reached XP level 3. HP: 22/29 MP: 4/4
  1026 | D:2      | Reached skill level 4 in Polearms
  1568 | D:2      | Reached XP level 4. HP: 37/37 MP: 5/5
  1912 | D:3      | Noticed a +0 dagger
  1912 | D:3      | Noticed a +0 hand axe
  1915 | D:3      | Found a hide-covered altar of Uskayaw.
  2005 | D:3      | You fall into a shaft and drop 3 floors!
  2005 | D:6      | Found an opulent altar of Gozag.
  2005 | D:6      | Found a bloodstained altar of Trog.
  2005 | D:6      | Found a radiant altar of Vehumet.
  2017 | D:6      | Reached XP level 5. HP: 30/42 MP: 7/7
  2287 | D:6      | HP: 2/42 [gnoll (5)]
  2288 | D:6      | Mangled by a gnoll

Levels and vault maps discovered:
D:1:      lightli_arrival_isolated_outpost, layout_rooms
D:2:      layout_basic
D:3:      layout_basic, kiku_gazebo_garden_becter, dancing_weapons_uskayaw
D:6:      layout_gridville, grunt_temple_overflow_open, basic_altar

Skill      XL: |  1  2  3 |
---------------+----------+-----
Dodging        | 3 |  3.6
Armour         | 1 |  1.3
Polearms       | 4 |  4.9
Fighting       | |  3.9
Invocations    | |  2.9

Action                   |  1- 3 |  4- 6 || total
-------------------------+-------+-------++-------
Melee: Spear             |   122 |    14 ||   136
       Trident           |       |    38 ||    38
Invok: Depart the Abyss  |     1 |       ||     1
  Eat: Chunk             |     2 |     2 ||     4
Armor: Leather armour    |    15 |       ||    15
       Chain mail        |       |    28 ||    28
Dodge: Dodged            |    83 |    15 ||    98

Table legend:
 A = Non-vault XP
 B = Vault XP
 C = Vault XP percentage of total XP
 D = Non-vault monster count
 E = Vault monster count
 F = Vault count percentage of total count
                 A         B        C        D         E       F
            +---------+---------+-------+---------+---------+-------
      Total |     180 |       0 |   0.0 |      38 |       0 |   0.0
            +---------+---------+-------+---------+---------+-------
        D:1 |      27 |       0 |   0.0 |      16 |       0 |   0.0
        D:2 |      73 |       0 |   0.0 |      17 |       0 |   0.0
        D:3 |       5 |       0 |   0.0 |       2 |       0 |   0.0
        D:6 |      75 |       0 |   0.0 |       3 |       0 |   0.0
            +---------+---------+-------+---------+---------+-------
